 Dungeon Crawl Stone Soup version 0.24-a0-779-g36f0aeb843 (webtiles) character file.

Game seed: 4062610327056780138, levelgen mode: deterministic

9276 Golodhrim the Markscentaur (level 11, -4/101 HPs)
             Began as a Centaur Hunter on Oct 6, 2019.
             Was a High Priest of Okawaru.
             Slain by a six-headed hydra (5 damage)
             ... on level 11 of the Dungeon on Oct 8, 2019.
             The game lasted 02:09:06 (12132 turns).

Golodhrim the Markscentaur (Centaur Hunter)        Turns: 12132, Time: 02:09:09

Health: -4/101     AC: 12    Str: 18    XL:     11   Next: 20%
Magic:  11/11      EV:  9    Int: 10    God:    Okawaru [*****.]
Gold:   614        SH:  0    Dex: 10    Spells: 10/10 levels left

rFire    . . .     SeeInvis .   a - +2 shortbow
rCold    . . .     Gourm    .   (shield currently unavailable)
rNeg     . . .     Faith    .   j - +3 ring mail
rPois    +         Spirit   .   (no helmet)
rElec    .         Reflect  .   (no cloak)
rCorr    .         Harm     .   h - +1 pair of gloves
MR       .....                  (no barding)
Stlth    +.........             (no amulet)
HPRegen  0.26/turn              s - ring of poison resistance
MPRegen  0.12/turn              k - ring of poison resistance

@: hasted, very quick
A: large, hooves 3, deformed body, speed 2, tough skin 3
a: Heroism, Finesse, Renounce Religion


You were on level 11 of the Dungeon.
You worshipped Okawaru.
Okawaru was extremely pleased with you.
You were not hungry.

You visited 2 branches of the dungeon, and saw 12 of its levels.

You collected 614 gold pieces.

Inventory:

Hand Weapons
 a - a +2 shortbow (weapon)
 b - a +3 dagger of chaos
Missiles
 d - 138 arrows (quivered)
Armour
 h - a +1 pair of gloves (worn)
 j - a +3 ring mail (worn)
 C - a +1 leather armour of magic resistance
 E - +0 shadow dragon scales
Jewellery
 k - a ring of poison resistance (right hand)
 s - a ring of poison resistance (left hand)
Wands
 m - a wand of polymorph (9)
 w - a wand of random effects (22)
 z - a wand of paralysis (23)
 D - a wand of digging (5)
 F - a wand of flame (7)
Scrolls
 e - a scroll of fear {unknown}
 g - 3 scrolls of enchant weapon
 n - a scroll of identify
 o - 4 scrolls of teleportation
 q - 3 scrolls of remove curse
 x - 2 scrolls of fog
 y - 2 scrolls of enchant armour
 B - a scroll of blinking
Potions
 c - a potion of ambrosia
 i - a potion of magic {unknown}
 p - 3 potions of mutation
 r - a potion of brilliance
 t - a potion of lignification
 u - 4 potions of curing
 A - a potion of haste
 H - a potion of heal wounds {unknown}
Comestibles
 f - 13 rations


   Skills:
 + Level 10.3 Fighting
 - Level 15.0 Bows
 + Level 5.6 Armour
 + Level 2.7 Dodging
 + Level 1.9 Stealth


You had 10 spell levels left.
You didn't know any spells.
Your spell library was empty.

Dungeon Overview and Level Annotations

Branches:
Dungeon (11/15)            Temple (1/1) D:6            Lair (0/6) D:9
    Orc: D:9-12

Altars:
Ashenzari
Cheibriados
Dithmenos
Elyvilon
Fedhas
Gozag
Hepliaklqana
Kikubaaqudgha
Makhleb
Nemelex Xobeh
Okawaru
Qazlal
Ru
Sif Muna
Trog
Uskayaw
Vehumet
Wu Jian
Xom
Yredelemnul
Zin
The Shining One

Shops:
D:8 **


Innate Abilities, Weirdness & Mutations

You have hooves in place of feet.
Armour fits poorly on your strangely shaped body.
You cover ground very quickly.
You have extremely tough skin. (AC +3)


Message History

Firing (i - inventory)
d - 139 arrows (quivered)
Press: ? - help, Shift-Dir - straight line, f/p - six-headed hydra
Aim: a six-headed hydra (severely wounded)
You shoot an arrow. The arrow hits the six-headed hydra!
The six-headed hydra is severely wounded.
The six-headed hydra bites you! x2
The six-headed hydra completely misses you.
The six-headed hydra bites you!
* * * LOW HITPOINT WARNING * * *
The six-headed hydra bites you.
* * * LOW HITPOINT WARNING * * *
The six-headed hydra bites you.
* * * LOW HITPOINT WARNING * * *
You feel yourself speed up. The six-headed hydra bites you!
* * * LOW HITPOINT WARNING * * *
The six-headed hydra bites you but does no damage. x2
The six-headed hydra bites you.
* * * LOW HITPOINT WARNING * * *
The six-headed hydra bites you.
You die...

********* #..#..,,,,,,,,,*
,,,,,,,,* #..#.**,,,******
,,,,,,,,* ######...,,*,***
*,,,,*,,* #.......#,,*,*
,,,,,,,,* #.......#,,*,#***
,,**,,,,* #......<#,,...,,*
,,**,,,,* #......###(.##*,*
,,,,,,,,**#............#*,*
*,,,,*,,,,+.....@.>#....,,*
,,,,,*,*,*#.....D###**##***
,,,,,*,*,*#.....(#
,,,,,*,,,.......(#******
,,,,,*,,,.......(.,,,,,*
******,,,.........,,,,,*
,,,,,,,,,........(,,,,,*
,,,,,,,,,.......(((,,,,*
,,,,,,,*+**,,,,,,,,,,,,*


You could see a six-headed hydra.

Vanquished Creatures
  Erolcha (D:9)
  2 two-headed ogres (D:9)
  An ugly thing (D:10)
  Psyche (D:8)
  A troll (D:10)
  4 hippogriffs
  6 yaks (D:9)
  A wyvern (D:10)
  A basilisk (D:9)
  A human (D:9)
  A water moccasin (D:8)
  2 ice beasts (D:10)
  A sky beast (D:6)
  A hornet zombie (D:7)
  2 phantoms
  3 orc warriors
  2 ogres
  9 centaurs
  2 crocodiles
  7 bullfrogs
  A wyvern zombie (D:7)
  3 killer bees (D:8)
  A scorpion (D:10)
  8 wights
  4 howler monkeys
  2 quasits
  4 crimson imps
  2 jellies
  6 orc wizards
  2 orc priests (D:7)
  2 centaur skeletons
  2 hounds
  A bullfrog skeleton (D:9)
  Jessica (D:3)
  3 iguanas
  4 worker ants
  2 hound skeletons
  A howler monkey skeleton (D:10)
  10 adders
  2 shadow imps
  An ooze (D:3)
  An adder zombie (D:6)
  2 worms (D:2)
  2 dart slugs
  5 leopard geckos
  6 orcs
  11 bats
  4 giant cockroaches
  9 goblins
  5 hobgoblins
  9 jackals
  2 ball pythons
  5 frilled lizards
  6 kobolds
  A leopard gecko skeleton (D:4)
  A leopard gecko zombie (D:6)
  4 rats
184 creatures vanquished.

Notes
Turn   | Place    | Note
-------+----------+-------------------------------------------
     0 | D:1      | Golodhrim the Centaur Hunter began the quest for the Orb.
     0 | D:1      | Reached XP level 1. HP: 17/17 MP: 1/1
    87 | D:1      | Reached XP level 2. HP: 23/24 MP: 2/2
   142 | D:1      | Reached skill level 6 in Bows
   410 | D:1      | Reached XP level 3. HP: 29/29 MP: 3/3
  1077 | D:2      | Reached skill level 7 in Bows
  1640 | D:2      | Reached XP level 4. HP: 30/36 MP: 4/4
  2184 | D:3      | Noticed Jessica
  2187 | D:3      | Killed Jessica
  2207 | D:3      | Found a blossoming altar of Fedhas.
  2207 | D:3      | Found a glowing golden altar of the Shining One.
  2208 | D:3      | Found an ancient bone altar of Kikubaaqudgha.
  2988 | D:5      | Entered Level 5 of the Dungeon
  3001 | D:4      | Reached skill level 8 in Bows
  3001 | D:4      | Reached XP level 5. HP: 42/42 MP: 5/5
  3179 | D:4      | Found a shattered altar of Ashenzari.
  3439 | D:4      | You fall into a shaft and drop 1 floor!
  3794 | D:5      | Noticed an ogre
  3798 | D:5      | Killed an ogre
  3798 | D:5      | Reached XP level 6. HP: 51/51 MP: 6/6
  4124 | D:5      | Reached skill level 9 in Bows
  4578 | D:6      | Reached XP level 7. HP: 51/57 MP: 7/7
  4614 | D:6      | Found a staircase to the Ecumenical Temple.
  4630 | D:6      | Reached skill level 10 in Bows
  4638 | D:6      | Reached skill level 1 in Armour
  4779 | Temple   | Entered the Ecumenical Temple
  4845 | Temple   | Became a worshipper of Warmaster Okawaru
  5051 | D:6      | Found a sparkling altar of Nemelex Xobeh.
  5120 | D:6      | Reached skill level 11 in Bows
  5407 | D:6      | Reached XP level 8. HP: 66/66 MP: 8/8
  5418 | D:6      | Found a radiant altar of Vehumet.
  5675 | D:7      | Reached skill level 12 in Bows
  5712 | D:7      | Reached * piety under Okawaru
  6111 | D:7      | Reached skill level 13 in Bows
  6594 | D:7      | Reached XP level 9. HP: 72/72 MP: 9/9
  6701 | D:7      | Reached ** piety under Okawaru
  6810 | D:7      | Reached skill level 14 in Bows
  7064 | D:7      | Upgraded the game from 0.24-a0-769-g368c1644f8 to
                  | 0.24-a0-779-g36f0aeb843
  7095 | D:8      | Noticed Psyche
  7115 | D:8      | Killed Psyche
  7115 | D:8      | Reached skill level 5 in Fighting
  7748 | D:8      | Found Upaej's Assorted Antiques.
  7783 | D:8      | Reached skill level 15 in Bows
  8014 | D:8      | Reached *** piety under Okawaru
  8014 | D:8      | Reached skill level 1 in Stealth
  8035 | D:8      | Found an ornate altar of the Wu Jian Council.
  8364 | D:8      | Found Luliela's Assorted Antiques.
  8640 | D:10     | Entered Level 10 of the Dungeon
  8727 | D:9      | Reached XP level 10. HP: 66/86 MP: 10/10
  8821 | D:9      | Found a staircase to the Lair.
  9159 | D:9      | Reached **** piety under Okawaru
  9568 | D:10     | Found a white marble altar of Elyvilon.
  9611 | D:9      | Noticed a two-headed ogre
  9636 | D:9      | Killed a two-headed ogre
  9636 | D:9      | Received a gift from Okawaru
  9725 | D:9      | Noticed Erolcha
 10238 | D:9      | Killed Erolcha
 10886 | D:10     | Noticed a two-headed ogre
 10933 | D:9      | Killed a two-headed ogre
 10933 | D:9      | Reached ***** piety under Okawaru
 10933 | D:9      | Reached skill level 5 in Armour
 11150 | D:10     | Received a gift from Okawaru
 11480 | D:11     | Noticed a green ugly thing
 11539 | D:10     | Killed a green ugly thing
 11539 | D:10     | Reached XP level 11. HP: 53/99 MP: 11/11
 11615 | D:11     | Reached skill level 10 in Fighting
 11626 | D:11     | Noticed a wizard
 11629 | D:11     | Noticed a six-headed hydra
 11872 | D:10     | Received a gift from Okawaru
 12116 | D:11     | Noticed a six-headed hydra
 12132 | D:11     | HP: 1/101 [six-headed hydra (5)]
 12132 | D:11     | Slain by a six-headed hydra

Levels and vault maps discovered:
D:1:      saegor_arrival_simple_b, layout_loops_ring
D:2:      layout_basic, minmay_nonomino_d4
D:3:      layout_loops_ring, gammafunk_temple_overflow_claw, moated_statue,
          grunt_decor_resistance, uniq_jessica
D:4:      layout_basic, ashenzari_conservatory_becter
D:5:      layout_gridville, first_ration
D:6:      layout_basic, kennysheep_little_box, marbit_many_paths,
          minmay_temple_entry_large_hall
D:7:      layout_rooms
D:8:      layout_loops_ring, old_standard_altar, serial_shops,
          nicolae_shop_stone, nicolae_shop_behind_doors, uniq_psyche
D:9:      layout_irregular_city, david_lair_generic, grunt_pizzeria,
          st_stairs_7, minmay_curled_crystal, uniq_erolcha
D:10:     layout_roguey, elyvilon_altar_5, uniq_joseph
D:11:     minmay_cut_squares, layout_basic, gauntlet_entry_generic
Temple:   eino_wide_crystal_templ

Skill      XL: |  1  2  3  4  5  6  7  8  9 10 11 |
---------------+----------------------------------+-----
Bows           | 6 7 8 9 11 13 15 | 15.0
Fighting       | 3 4 7 9 10 | 10.3
Armour         | 1 2 3 5 |  5.6
Stealth        | 1 |  1.9
Dodging        | 2 |  2.7

Action                   |  1- 3 |  4- 6 |  7- 9 | 10-12 || total
-------------------------+-------+-------+-------+-------++-------
 Fire: Shortbow          |   126 |   158 |   383 |   336 ||  1003
Invok: Heroism           |       |       |       |     2 ||     2
  Use: Scroll            |       |     6 |     9 |     7 ||    22
       Potion            |       |       |     3 |     2 ||     5
  Eat: Ration            |     1 |     1 |     2 |     2 ||     6
       Chunk             |       |     3 |     2 |     3 ||     8
Armor: Leather armour    |     3 |     2 |    43 |       ||    48
       Scale mail        |    13 |    14 |       |       ||    27
       Ring mail         |       |       |     8 |    28 ||    36
Dodge: Dodged            |    16 |    24 |    54 |    36 ||   130

Table legend:
 A = Non-vault XP
 B = Vault XP
 C = Vault XP percentage of total XP
 D = Non-vault monster count
 E = Vault monster count
 F = Vault count percentage of total count
                 A         B        C        D         E       F
            +---------+---------+-------+---------+---------+-------
      Total |   10029 |    3223 |  24.3 |     161 |      23 |  12.5
            +---------+---------+-------+---------+---------+-------
        D:1 |      40 |       0 |   0.0 |      22 |       0 |   0.0
        D:2 |      51 |      33 |  39.3 |      13 |      11 |  45.8
        D:3 |      28 |      37 |  56.9 |      12 |       1 |   7.7
        D:4 |     101 |       0 |   0.0 |      13 |       0 |   0.0
        D:5 |     377 |       0 |   0.0 |       6 |       0 |   0.0
        D:6 |     827 |     112 |  11.9 |      15 |       1 |   6.2
        D:7 |    1579 |       0 |   0.0 |      24 |       0 |   0.0
        D:8 |    1302 |     439 |  25.2 |      20 |       1 |   4.8
        D:9 |    3257 |    1953 |  37.5 |      16 |       7 |  30.4
       D:10 |    2114 |     556 |  20.8 |      17 |       1 |   5.6
       D:11 |     353 |      93 |  20.9 |       3 |       1 |  25.0
            +---------+---------+-------+---------+---------+-------
